 Dungeon Crawl Stone Soup version 0.27.1-33-g824d729ab1 (webtiles) character file.

Game seed: 6562905739177118768

273 lordive the Sneak (level 6, -25/36 HPs)
             Began as an Octopode Enchanter on Dec 27, 2021.
             Was a Follower of Sif Muna.
             Annihilated by an ogre (31 damage)
             ... on level 4 of the Dungeon.
             The game lasted 00:08:19 (4375 turns).

lordive the Sneak (Octopode Enchanter)              Turns: 4375, Time: 00:08:20

Health: -25/36     AC:  1    Str:  7    XL:     6   Next: 24%
Magic:  5/19       EV: 13    Int: 19    God:    Sif Muna [*.....]
Gold:   171        SH:  0    Dex: 13    Spells: 5/11 levels left

rFire    . . .     SeeInvis +   a - +1 dagger
rCold    . . .     Faith    .   (no shield)
rNeg     . . .     Spirit   .   (helmet restricted)
rPois    .         Reflect  .   (no amulet)
rElec    .         Harm     .   k - ring of magical power
rCorr    .         Rampage  .   n - ring of see invisible
Will     .....                  (no ring)
Stlth    ++++......             (no ring)
HPRegen  0.12/turn              (no ring)
MPRegen  0.16/turn              (no ring)
                                (no ring)
                                (no ring)

@: no status effects
A: almost no armour, amphibious, 8 rings, camouflage 1, gelatinous body 1,
(nimble swimmer 1), tentacles
a: Renounce Religion, Channel Magic


You were on level 4 of the Dungeon.
You worshipped Sif Muna.
Sif Muna was aware of your devotion.
You visited 1 branch of the dungeon, and saw 4 of its levels.

You collected 171 gold pieces.

Inventory:

Hand Weapons
 a - a +1 dagger (weapon)
Jewellery
 h - an amulet of faith
 k - a ring of magical power (left tentacle)
 m - an amulet of guardian spirit
 n - a ring of see invisible (right tentacle)
Wands
 o - a wand of iceblast (9)
Scrolls
 b - 2 scrolls of teleportation {unknown}
 c - 3 scrolls of identify {unknown}
 e - 3 scrolls of noise {unknown}
 f - 2 scrolls of amnesia {unknown}
 i - 4 scrolls of enchant weapon {unknown}
 l - a scroll of magic mapping {unknown}
Potions
 d - a potion of lignification {unknown}
 g - 4 potions of curing {unknown}
 j - a potion of berserk rage {unknown}
 p - a potion of degeneration {unknown}
 q - a potion of ambrosia {unknown}


   Skills:
 + Level 0.2 Fighting
 + Level 1.6 Short Blades
 + Level 2.2 Dodging
 + Level 6.2 Stealth
 + Level 3.0 Spellcasting
 * Level 4.5 Hexes
 + Level 1.3 Ice Magic


You had 5 spell levels left.
You knew the following spells:

 Your Spells              Type           Power      Damage    Failure   Level
a - Corona                Hex            22%        N/A       2%          1
b - Ensorcelled Hibernat  Hex/Ice        28%        N/A       7%          2
c - Confusing Touch       Hex            20%        N/A       7%          3

Your spell library contained the following spells:

 Spells                   Type           Power      Damage    Failure   Level
 Slow                     Hex            20%        N/A       3%          2
 Tukima's Dance           Hex            20%        N/A       7%          3
 Dazzling Flash           Conj/Hex       22%        N/A       19%         3
 Yara's Violent Unravell  Hex/Tmut       5%         3d4       86%         5


Dungeon Overview and Level Annotations

Branches:
Dungeon (4/15)
 Temple: D:4-7

Altars:
Elyvilon
Qazlal
Sif Muna
Yredelemnul

Annotations:
D:4 2 runed translucent doors, shaggyschweig's ghost, amateur GrBe


Innate Abilities, Weirdness & Mutations

You cannot wear most types of armour.
You are amphibious.
You can wear up to eight rings at the same time.
Your skin changes colour to match your surroundings (Stealth+).
Your rubbery body absorbs attacks. (AC +1, EV +1)
((You are camouflaged near water. (Stealth+)))
You have tentacles for arms and can constrict up to eight enemies at once.


Message History

Sif Muna accepts your kill.
You can now call upon Sif Muna for magical energy.
Your Spellcasting skill increases to level 3!
You have reached level 6!
Your experience leads to an increase in your attributes!
Increase (S)trength, (I)ntelligence, or (D)exterity?
You feel clever.
You start resting.
An ogre is nearby!
Casting: Confusing Touch (dangerous; 7% risk of failure)
Confirm with . or Enter, or press ? or * to list all spells.
Aiming: Ensorcelled Hibernation (safe; 7% risk of failure)
Press: ? - help, Shift-Dir - straight line, f - ogre
Aim: an ogre, wielding a +0 giant club (wandering, hasn't noticed you, chance to affect: 45%)
The ogre shouts!
The ogre resists with some effort.
Casting: Ensorcelled Hibernation (safe; 7% risk of failure)
Confirm with . or Enter, or press ? or * to list all spells.
Aiming: Ensorcelled Hibernation (safe; 7% risk of failure)
Press: ? - help, Shift-Dir - straight line, f/p - ogre
Aim: an ogre, wielding a +0 giant club (chance to affect: 45%)
The ogre resists with some effort.
Casting: Ensorcelled Hibernation (safe; 7% risk of failure)
Confirm with . or Enter, or press ? or * to list all spells.
Aiming: Ensorcelled Hibernation (safe; 7% risk of failure)
Press: ? - help, Shift-Dir - straight line, f/p - ogre
Aim: an ogre, wielding a +0 giant club (chance to affect: 45%)
The ogre resists with some effort.
The ogre hits you with a +0 giant club!!
Ouch! That really hurt!
* * * LOW HITPOINT WARNING * * *
Casting: Ensorcelled Hibernation (safe; 7% risk of failure)
Confirm with . or Enter, or press ? or * to list all spells.
Aiming: Ensorcelled Hibernation (safe; 7% risk of failure)
Press: ? - help, Shift-Dir - straight line, f/p - ogre
Aim: an ogre, wielding a +0 giant club (chance to affect: 45%)
The ogre resists with some effort.
The ogre hits you with a +0 giant club!!
Ouch! That really hurt!
You die...

.####....# ##.# .# .##
###.####..# ## #.#
..#####..##...### .##..#
................#####....#
........#................
######................# .#
#...........)...## .#
#......#....O....# ..#
#......###..@###..######.
....#.....## #.)##
#......... .........##
#..# ##......... .#... .#
#..# #.....#....
..#####..###....## #..
.........#......# .
#....†.........## ..
#..####.........#####.. #.
#................


You could see an ogre.

Vanquished Creatures
  An ogre (D:4)
  2 hounds (D:4)
  3 adders
  2 worms (D:2)
  3 dart slugs
  6 orcs
  4 endoplasms
  5 giant cockroaches
  8 goblins
  6 hobgoblins
  4 jackals (D:1)
  5 quokkas
  14 ball pythons
  4 bats
  6 frilled lizards
  7 kobolds
  9 rats
89 creatures vanquished.

Notes
Turn   | Place    | Note
-------+----------+-------------------------------------------
     0 | D:1      | lordive the Octopode Enchanter began the quest for the Orb.
     0 | D:1      | Reached XP level 1. HP: 11/11 MP: 3/3
   180 | D:1      | Reached XP level 2. HP: 12/17 MP: 5/5
   202 | D:1      | Learned a level 2 spell: Ensorcelled Hibernation
   489 | D:1      | Reached XP level 3. HP: 10/21 MP: 0/6
  1701 | D:2      | Found a faded altar of an unknown god.
  2262 | D:2      | Reached XP level 4. HP: 27/27 MP: 7/7
  2472 | D:2      | Reached skill level 5 in Stealth
  2735 | D:3      | Found a basalt altar of Yredelemnul.
  2737 | D:3      | Found a white marble altar of Elyvilon.
  2793 | D:3      | You fall into a shaft and drop 1 floor!
  3007 | D:3      | Found a shimmering blue altar of Sif Muna.
  3018 | D:3      | Became a worshipper of Sif Muna the Loreminder
  3572 | D:3      | Found a stormy altar of Qazlal.
  3712 | D:4      | Reached XP level 5. HP: 31/31 MP: 8/8
  3763 | D:4      | Reached skill level 1 in Ice Magic
  3845 | D:4      | Found a large runed translucent door.
  3845 | D:4      | Found a large runed translucent door.
  3848 | D:4      | Noticed shaggyschweig's ghost (amateur GrBe)
  3914 | D:4      | Learned a level 3 spell: Confusing Touch
  4263 | D:4      | Reached skill level 6 in Stealth
  4307 | D:4      | Noticed an ogre
  4308 | D:4      | Noticed an ogre
  4336 | D:4      | Killed an ogre
  4336 | D:4      | Reached * piety under Sif Muna
  4337 | D:4      | Reached XP level 6. HP: 19/36 MP: 7/10
  4375 | D:4      | Annihilated by an ogre

Illustrated notes

Levels and vault maps discovered:
D:1:      dpeg_chamrin_arrival_tetris, layout_basic, hangedman_decor_growths
D:2:      layout_loops_corners, ebering_ecumenical_altar_sacrificial,
          chequers_decorated_corner, minmay_misc_feat_enclosed
D:3:      layout_basic, nicolae_sif_muna_condensation, minitemple,
          kennysheep_cross_bottleneck, st_stairs_8
D:4:      layout_layer_cave, ebering_ghost_disaster_area, minivault_4

Skill      XL: |  1  2  3  4  5 |
---------------+----------------+-----
Stealth        | 5 6 |  6.2
Hexes          | 4 |  4.5
Ice Magic      | 1 |  1.3
Spellcasting   | 3 |  3.0
Fighting       | |  0.2
Short Blades   | |  1.6
Dodging        | |  2.2

Action                   |  1- 3 |  4- 6 || total
-------------------------+-------+-------++-------
Melee: Dagger            |   101 |    56 ||   157
       Constrict         |    26 |     5 ||    31
       Tentacles         |     9 |     4 ||    13
 Cast: Ensorcelled Hiber |     9 |    39 ||    48
       Confusing Touch   |       |     1 ||     1
 Stab: Sleeping          |    16 |    37 ||    53
Armor: Skin              |    10 |     4 ||    14
Dodge: Dodged            |    64 |    25 ||    89
